 Dungeon Crawl Stone Soup version 0.28-a0-1638-g9123634e07 (webtiles) character file.

Game seed: 2750183686578563022

78 Hasart the Insei (level 4, -5/29 HPs)
             Began as an Octopode Transmuter on Jan 25, 2022.
             Slain by a gnoll (8 damage)
             ... on level 2 of the Dungeon.
             The game lasted 00:03:05 (1848 turns).

Hasart the Insei (Octopode Transmuter)              Turns: 1848, Time: 00:03:05

Health: -5/29      AC:  1    Str:  9    XL:     4   Next: 36%
Magic:  4/7        EV:  7    Int: 17    God:
Gold:   44         SH:  0    Dex: 12    Spells: 2/8 levels left

rFire   . . .      SeeInvis .     - Unarmed
rCold   . . .      Faith    .   (no shield)
rNeg    . . .      Spirit   .   (helmet currently unavailable)
rPois   .          Reflect  .   (no amulet)
rElec   .          Harm     .   (no ring)
rCorr   .          Rampage  .   (no ring)
Will    .....                   (no ring)
Stlth   ++........              (no ring)
HPRegen 0.09/turn               (no ring)
MPRegen 0.10/turn               (no ring)
                                (no ring)
                                (no ring)

@: appendages, wereblooded, held
A: tentacle spike 3, almost no armour, amphibious, 8 rings, camouflage 1,
gelatinous body 1, (nimble swimmer 1), tentacles
a: End Transformation


You were on level 2 of the Dungeon.
One of your tentacles had grown a beastly spike.
You visited 1 branch of the dungeon, and saw 2 of its levels.

You collected 44 gold pieces.

Inventory:

Jewellery
 c - a ring of ice
Scrolls
 a - 3 scrolls of vulnerability {unknown}
 e - 2 scrolls of enchant weapon {unknown}
 f - a scroll of immolation {unknown}
 g - a scroll of identify {unknown}
Potions
 b - a potion of lignification {unknown}
 d - a potion of curing {unknown}


   Skills:
 + Level 1.8 Fighting
 + Level 2.4 Dodging
 * Level 3.6 Unarmed Combat
 + Level 2.5 Spellcasting
 + Level 2.5 Transmutations
 + Level 0.3 Poison Magic


You had 2 spell levels left.
You knew the following spells:

 Your Spells              Type           Power      Damage    Failure   Level
a - Beastly Appendage     Tmut           20%        N/A       6%          1
b - Wereblood             Tmut           10%        N/A       10%         2
c - Spider Form           Tmut/Pois      7%         N/A       30%         3

Your spell library contained the following spells:

 Spells                   Type           Power      Damage    Failure   Level
 Slow                     Hex            8%         N/A       19%         1
 Confusing Touch          Hex            2%         N/A       50%         3
 Vampiric Draining        Necr           2%         2d6       50%         3
 Ice Form                 Ice/Tmut       6%         N/A       73%         4


Dungeon Overview and Level Annotations

Branches:
Dungeon (2/15)

Altars:


Innate Abilities, Weirdness & Mutations

One of your tentacles has grown a beastly spike.
You cannot wear most types of armour.
You are amphibious.
You can wear up to eight rings at the same time.
Your skin changes colour to match your surroundings (Stealth+).
Your rubbery body absorbs attacks. (AC +1, EV +1)
((You are camouflaged when in or above water. (Stealth+)))
You have tentacles for arms and can constrict up to eight enemies at once.


Message History

The giant cockroach bites you.
Casting: Beastly Appendage (safe; 7% risk of failure)
Confirm with . or Enter, or press ? or * to list all spells.
One of your tentacles grows a vicious spike.
The giant cockroach waves its antennae.
The giant cockroach bites you.
Okay, then.
Casting: Beastly Appendage (safe; 7% risk of failure)
Confirm with . or Enter, or press ? or * to list all spells.
Your blood is infused with primal strength.
The giant cockroach barely misses you.
Unknown command.
You tentacle-slap the giant cockroach but do no damage.
Your grab misses the giant cockroach.
You pierce the giant cockroach.
You tentacle-slap the giant cockroach, but do no damage.
The giant cockroach is almost dead.
The giant cockroach barely misses you. x2
You tentacle-slap the giant cockroach.
You feel a bit better.
You kill the giant cockroach!
The gnoll barely misses you. The gnoll misses you.
You closely miss the gnoll. You grab the gnoll.
The gnoll is lightly wounded.
You constrict the gnoll. The gnoll hits you with a +0 flail.
The gnoll misses you.
The gnoll hits you from afar with a +0 spear.
You tentacle-slap the gnoll.
Your tentacle spike misses the gnoll.
You squeeze the gnoll.
You feel a bit better.
You kill the gnoll!
You howl as the wereblood boils in your veins!
The gnoll throws a throwing net.
The throwing net hits you.
You become entangled in the net!
The gnoll hits you from afar with a +0 spear.
You struggle against the net.
The gnoll hits you from afar with a +0 spear. x2
* * * LOW HITPOINT WARNING * * *
You struggle against the net.
The gnoll hits you from afar with a +0 spear.
* * * LOW HITPOINT WARNING * * *
The gnoll hits you from afar with a +0 spear!
You die...

#...# #.# #####.#.#
#...# #.# #......# #...#
#.# #.##.###
#..<#######.# #.##..
#...........# ##.#.##
######'####.#####.....#
#.####...........#
######....#########...#
#..............@)g....#
#...........#####g....#
######......###.$......#
....†.......# #........#
########....# #........#
....†.....###
#........... ######....#
#............. ......#
#............. ........#
#........#####


You could see 2 gnolls.

Vanquished Creatures
  A gnoll (D:2)
  An adder (D:2)
  10 ball pythons
  3 endoplasms
  3 giant cockroaches
  4 goblins (D:1)
  5 hobgoblins (D:1)
  7 jackals (D:2)
  4 kobolds
  A quokka (D:2)
  5 bats (D:1)
  3 frilled lizards
  8 rats
55 creatures vanquished.

Notes
Turn   | Place    | Note
-------+----------+-------------------------------------------
     0 | D:1      | Hasart the Octopode Transmuter began the quest for the Orb.
     0 | D:1      | Reached XP level 1. HP: 13/13 MP: 3/3
   470 | D:1      | Reached XP level 2. HP: 18/18 MP: 3/5
   790 | D:1      | Learned a level 2 spell: Wereblood
  1002 | D:1      | Found a faded altar of an unknown god.
  1004 | D:1      | Reached XP level 3. HP: 20/23 MP: 6/6
  1223 | D:1      | Learned a level 3 spell: Spider Form
  1528 | D:2      | Reached XP level 4. HP: 29/29 MP: 4/7
  1848 | D:2      | Slain by a gnoll

Illustrated notes

Levels and vault maps discovered:
D:1:      minmay_arrival_split_and_join, layout_basic,
          dreamdust_ecumenical_altar_statues, minmay_small_reverse_x
D:2:      layout_basic, serial_co_window_serial, co_window_corner_a,
          co_window_paths_a, co_window_corner_a, co_window_paths_a,
          co_window_paths_a, co_window_paths_b, co_window_paths_a,
          co_window_broadway_c, co_window_broadway_b, co_window_2corner,
          co_window_broadway_b, co_window_corner_b, co_window_paths_d,
          co_window_4corner_a, glass_columns_b

Action                   |  1- 3 |  4- 6 || total
-------------------------+-------+-------++-------
Melee: Unarmed           |    88 |    20 ||   108
       Constrict         |    26 |     4 ||    30
       Tentacles         |    18 |     1 ||    19
       Kick              |    10 |     5 ||    15
       Punch             |     5 |     2 ||     7
 Cast: Beastly Appendage |     4 |     2 ||     6
       Wereblood         |     1 |     1 ||     2
 Stab: Sleeping          |     3 |     1 ||     4
Armor: Skin              |     9 |     1 ||    10
Dodge: Dodged            |    49 |    12 ||    61

Table legend: (Time is in decaauts)
 A = Elapsed time spent in this place.
 B = Non-inter-level travel time spent in this place.
 C = Inter-level travel time spent in this place.
 D = Time resting spent in this place.
 E = Time spent auto-exploring this place.
 F = Levels seen in this place.
 G = Mean time per level.
                   A        B        C        D        E       F      G
               +--------+--------+--------+--------+--------+-----+--------+
         Total |   1840 |   1825 |     15 |      0 |   1537 |   2 |  920.0 |
       Dungeon |   1840 |   1825 |     15 |      0 |   1537 |   2 |  920.0 |
               +--------+--------+--------+--------+--------+-----+--------+

Top non-repeatable levels by time:
     D:1: 1357 daAuts
     D:2: 482 daAuts
